 Dungeon Crawl Stone Soup version 0.29-a0-231-g945431f764 (webtiles) character file.

Game seed: 16190763166723187239

1270 Upanai the Covert (level 8, 0/36 HPs)
             Began as a Spriggan Enchanter on Mar 1, 2022.
             Was a Follower of Dithmenos.
             Slain by Prince Ribbit (16 damage)
             ... on level 6 of the Dungeon.
             The game lasted 00:18:14 (6924 turns).

Upanai the Covert (Spriggan Enchanter)              Turns: 6924, Time: 00:18:15

Health: 0/36       AC:  4    Str:  6    XL:     8   Next: 28%
Magic:  14/20      EV: 17    Int: 16    God:    Dithmenos [*.....]
Gold:   316        SH:  0    Dex: 16    Spells: 11/22 levels left

rFire   . . .      SeeInvis +   a - +3 dagger
rCold   . . .      Faith    .   (no shield)
rNeg    . . .      Spirit   .   h - +2 robe {Will+}
rPois   .          Reflect  .   (helmet restricted)
rElec   .          Harm     .   (no cloak)
rCorr   .          Rampage  .   (gloves unavailable)
Will    ++...                   (boots unavailable)
Stlth   +++++.....              (no amulet)
HPRegen 0.12/turn               (no ring)
MPRegen 0.17/turn               (no ring)

@: wreathed by umbra, very quick
A: very small, no large weapons, unfitting armour, see invisible, speed 3
a: Renounce Religion


You were on level 6 of the Dungeon.
You worshipped Dithmenos.
Dithmenos was aware of your devotion.
You visited 2 branches of the dungeon, and saw 7 of its levels.

You collected 316 gold pieces.

Inventory:

Hand Weapons
 a - a +3 dagger (weapon)
 k - a +2 dagger of holy wrath
Missiles
 f - 6 datura-tipped darts
 i - 3 poisoned darts (quivered)
Armour
 h - a +2 robe of willpower (worn)
Wands
 m - a wand of charming (4)
 p - a wand of flame (21)
Scrolls
 d - 5 scrolls of identify
 l - 3 scrolls of teleportation
 n - a scroll of blinking
Potions
 b - a potion of haste
 c - 2 potions of invisibility
 e - a potion of lignification
 g - a potion of attraction
 j - 4 potions of curing
 o - a potion of cancellation


   Skills:
 - Level 1.1 Short Blades
 - Level 2.6 Dodging
 + Level 9.0 Stealth
 + Level 7.8 Spellcasting
 + Level 8.2 Hexes


You had 11 spell levels left.
You knew the following spells:

 Your Spells              Type           Power      Damage    Failure   Level
a - Ensorcelled Hibernat  Hex/Ice        38%        N/A       3%          2
b - Tukima's Dance        Hex            32%        N/A       1%          3
c - Dazzling Flash        Conj/Hex       38%        N/A       6%          3
d - Confusing Touch       Hex            32%        N/A       1%          3

Your spell library contained the following spells:

 Spells                   Type           Power      Damage    Failure   Level
 Pain                     Necr           24%        1d5       12%         1
 Sandblast                Erth           12%        2d6       12%         1
 Passwall                 Tmut/Erth      5%         N/A       17%         2
 Sublimation of Blood     Necr           6%         N/A       17%         2
 Stone Arrow              Conj/Erth      12%        3d7       34%         3
 Yara's Violent Unravell  Hex/Tmut       9%         3d6       50%         5
 Petrify                  Tmut/Erth      6%         N/A       75%         4
 Agony                    Necr           6%         N/A       97%         5
 Excruciating Wounds      Necr           3%         N/A       97%         5
 Irradiate                Conj/Tmut      3%         3d14      97%         5
 Enfeeble                 Hex            16%        N/A       97%         7


Dungeon Overview and Level Annotations

Branches:
Dungeon (6/15)             Temple (1/1) D:4

Altars:
Ashenzari
Dithmenos
Elyvilon
Fedhas
Gozag
Hepliaklqana
Nemelex Xobeh
Okawaru
Ru
Trog
Uskayaw
Wu Jian
Xom
Yredelemnul
The Shining One

Shops:
D:1 (   D:3 (

Annotations:
D:6 Prince Ribbit


Innate Abilities, Weirdness & Mutations

You are very small and have problems with some larger weapons.
You are too small for most types of armour.
You have supernaturally acute eyesight. (SInv)
You cover ground extremely quickly. (Speed+++)


Message History

d - 5 scrolls of identify (gained 1)
You now have 316 gold pieces (gained 16).
Prince Ribbit comes into view.
Found a scroll of fear.
Prince Ribbit blinks!
You start waiting.
Prince Ribbit is nearby!
Casting: Confusing Touch (safe; 1% risk of failure)
Confirm with . or Enter, or press ? or * to list all spells.
Aiming: Ensorcelled Hibernation (safe; 3% risk of failure)
Press: ? - help, Shift-Dir - straight line, f - Prince Ribbit
Aim: Prince Ribbit (chance to affect: 34%) Prince Ribbit easily resists.
Casting: Ensorcelled Hibernation (safe; 3% risk of failure)
Confirm with . or Enter, or press ? or * to list all spells.
Aiming: Ensorcelled Hibernation (safe; 3% risk of failure)
Press: ? - help, Shift-Dir - straight line, f/p - Prince Ribbit
Aim: Prince Ribbit (chance to affect: 34%) Prince Ribbit looks drowsy...
Prince Ribbit croaks.
Prince Ribbit closely misses you.
You hit Prince Ribbit.
Prince Ribbit is lightly wounded.
Prince Ribbit hits you. Prince Ribbit misses you.
Casting: Ensorcelled Hibernation (safe; 3% risk of failure)
Confirm with . or Enter, or press ? or * to list all spells.
Your hands begin to glow red.
Prince Ribbit misses you.
You hit Prince Ribbit but do no damage.
Prince Ribbit appears confused.
Prince Ribbit is lightly wounded.
Prince Ribbit hits you!!
Ouch! That really hurt!
You are too injured to fight recklessly!
You are too injured to fight recklessly!
Unknown command.
Unknown command.
Unknown command.
You hit Prince Ribbit.
Prince Ribbit is lightly wounded.
Prince Ribbit hits you!
You die...

..# #.#.............. ..#
#...............> #..
#................ #.?
#................ #..
#....###.....##..
##..##....# #....###..
#.........###.........
#.....##.......#.....##..
#...#.##@F.....#.....##..
#.. #..........#.....#...
. #..........#.....#...
#..........# #.##.......#
... #.......# ###
#.......# #.......#
#########


You could see Prince Ribbit (confused).

Vanquished Creatures
  A troll (D:5)
  A black bear (D:5)
  2 ogres
  A bullfrog (D:5)
  A necrophage (D:6)
  2 hounds
  A jelly (D:6)
  An orc priest (D:6)
  A gnoll shaman (D:4)
  An iguana (D:5)
  2 orc wizards (D:4)
  Robin (D:2)
  12 gnolls
  8 adders
  A white imp (D:6)
  4 ufetubi
  3 worms
  16 orcs
  10 ball pythons
  4 endoplasms
  3 giant cockroaches
  20 goblins
  7 hobgoblins
  5 jackals
  2 quokkas (D:1)
  4 bats
  A frilled lizard (D:1)
  3 kobolds
  10 rats
128 creatures vanquished.

Vanquished Creatures (collateral kills)
  An ogre (D:4)
  3 gnolls
  2 goblins (D:2)
  A hobgoblin (D:1)
7 creatures vanquished.

Grand Total: 135 creatures vanquished

Notes
Turn   | Place    | Note
-------+----------+-------------------------------------------
     0 | D:1      | Upanai the Spriggan Enchanter began the quest for the Orb.
     0 | D:1      | Reached XP level 1. HP: 9/9 MP: 5/5
   373 | D:1      | Reached XP level 2. HP: 13/13 MP: 7/7
   513 | D:1      | Learned a level 2 spell: Ensorcelled Hibernation
   706 | D:1      | Found Seutohen's Weapon Emporium.
  1218 | D:2      | Reached XP level 3. HP: 16/16 MP: 9/9
  1222 | D:2      | Learned a level 3 spell: Tukima's Dance
  1226 | D:2      | Learned a level 3 spell: Confusing Touch
  1916 | D:2      | Noticed Robin
  2214 | D:2      | Reached XP level 4. HP: 12/21 MP: 11/11
  2245 | D:2      | Killed Robin
  2246 | D:2      | Reached skill level 5 in Hexes
  2577 | D:2      | Learned a level 3 spell: Dazzling Flash
  2838 | D:2      | Found a faded altar of an unknown god.
  2974 | D:3      | Found a glowing golden altar of the Shining One.
  3278 | D:3      | Found Apseyfih's Antique Weapon Shoppe.
  3309 | D:3      | Found a broken altar of Ashenzari.
  3485 | D:4      | Reached XP level 5. HP: 24/24 MP: 13/13
  3499 | D:4      | Reached skill level 5 in Spellcasting
  3651 | D:4      | Noticed an ogre
  3674 | D:4      | Reached skill level 5 in Stealth
  3878 | D:4      | Found a staircase to the Ecumenical Temple.
  3898 | D:4      | Killed an ogre
  3899 | D:4      | Reached XP level 6. HP: 19/28 MP: 2/15
  3914 | Temple   | Entered the Ecumenical Temple
  4295 | Temple   | Became a worshipper of Dithmenos the Shadowed
  4340 | D:4      | Reached skill level 6 in Stealth
  5186 | D:5      | Entered Level 5 of the Dungeon
  5366 | D:5      | Noticed a troll
  5386 | D:5      | Killed a troll
  5387 | D:5      | Reached skill level 7 in Stealth
  5387 | D:5      | Reached XP level 7. HP: 14/32 MP: 10/17
  5681 | D:5      | Reached * piety under Dithmenos
  6145 | D:5      | Reached skill level 8 in Stealth
  6337 | D:5      | Reached XP level 8. HP: 36/36 MP: 16/19
  6889 | D:6      | Reached skill level 9 in Stealth
  6907 | D:6      | Noticed Prince Ribbit
  6924 | D:6      | Slain by Prince Ribbit

Illustrated notes

Levels and vault maps discovered:
D:1:      dpeg_arrival_rooms_with_view, layout_loops_corners, serial_shops,
          nicolae_shop_stone, minmay_split_cup_large
D:2:      layout_loops_ring, dreamdust_ecumenical_altar_hidden_monk_grotto,
          chequers_serial_rivers_micro_a, minmay_goblin_kobold_house, uniq_robin
D:3:      layout_rooms, mainiacjoe_overflow_tiny_flanked,
          mainiacjoe_overflow_chevrons, serial_shops, shop
D:4:      layout_cave_pods, minmay_temple_entry_poolview, portal_sewer_entry_c
D:5:      layout_loops_cross, feat_on_display
D:6:      cheibrodos_iron_armory, layout_basic,
          grunt_temple_overflow_lords_of_destruction, minmay_joined_circles,
          uniq_duvessa, uniq_prince_ribbit1
Temple:   oiseaux_autumnal_temple

Skill      XL: |  1  2  3  4  5  6  7  8 |
---------------+-------------------------+-----
Spellcasting   | 3 4 5 6 7 |  7.8
Hexes          | 4 5 6 7 8 |  8.2
Stealth        | 5 7 8 9 |  9.0
Short Blades   | |  1.1
Dodging        | |  2.6

Action                   |  1- 3 |  4- 6 |  7- 9 || total
-------------------------+-------+-------+-------++-------
Melee: Dagger            |    88 |   127 |    69 ||   284
       Punch             |       |     1 |       ||     1
 Cast: Ensorcelled Hiber |    16 |    33 |    41 ||    90
       Tukima's Dance    |       |     6 |       ||     6
       Confusing Touch   |       |     1 |     5 ||     6
  Use: Scroll            |    12 |     9 |     1 ||    22
       Potion            |     1 |     1 |       ||     2
 Stab: Sleeping          |    23 |    27 |    26 ||    76
       Confused          |       |     1 |     3 ||     4
Armor: Robe              |     7 |    15 |     8 ||    30
Dodge: Dodged            |    70 |   125 |    96 ||   291

Table legend: (Time is in decaauts)
 A = Elapsed time spent in this place.
 B = Non-inter-level travel time spent in this place.
 C = Inter-level travel time spent in this place.
 D = Time resting spent in this place.
 E = Time spent auto-exploring this place.
 F = Levels seen in this place.
 G = Mean time per level.
                   A        B        C        D        E       F      G
               +--------+--------+--------+--------+--------+-----+--------+
         Total |   5224 |   5049 |    175 |    680 |   3261 |   7 |  746.3 |
       Dungeon |   4926 |   4796 |    130 |    680 |   3017 |   6 |  821.0 |
        Temple |    297 |    253 |     44 |      0 |    244 |   1 |  297.0 |
               +--------+--------+--------+--------+--------+-----+--------+

Top non-repeatable levels by time:
     D:2: 1144 daAuts
     D:1: 1057 daAuts
     D:4: 1033 daAuts
     D:5: 870 daAuts
     D:6: 426 daAuts
     D:3: 394 daAuts
  Temple: 297 daAuts
